 Dungeon Crawl Stone Soup version 0.28.0-43-g3370ac3207 (webtiles) character file.

Game seed: 10161214268588503064

4425 Revguard the Insei (level 10, -2/92 HPs)
             Began as a Grey Draconian Transmuter on Mar 14, 2022.
             Slain by a kobold brigand
             ... wielding a +0 club
              (5 damage)
             ... on level 9 of the Dungeon.
             The game lasted 00:27:44 (8892 turns).

Revguard the Insei (Grey Draconian Transmuter)      Turns: 8892, Time: 00:27:44

Health: -2/92      AC: 19    Str: 12    XL:     10   Next: 14%
Magic:  18/18      EV: 14    Int: 14    God:
Gold:   576        SH:  5    Dex: 16    Spells: 9/20 levels left

rFire   + . .      SeeInvis .     - Unarmed
rCold   . . .      Faith    .   (no shield)
rNeg    . . .      Spirit   .   (armour unavailable)
rPois   .          Reflect  +   (helmet restricted)
rElec   .          Harm     .   d - +2 cloak
rCorr   .          Rampage  ∞   (no gloves)
Will    .....                   s - +3 pair of seven-league boots {Rampage+∞}
Stlth   +.........              o - amulet of reflection
HPRegen 0.25/turn               l - ring of protection from fire
MPRegen 0.16/turn               (no ring)

@: about to teleport, studying Long Blades
A: AC +12, amphibious, unfitting armour, cold-blooded, horns 1, robust 1
a: no special abilities


You were on level 9 of the Dungeon.
You visited 2 branches of the dungeon, and saw 10 of its levels.

You collected 576 gold pieces.

Inventory:

Missiles
 b - 2 throwing nets
Armour
 d - a +2 cloak (worn)
 j - a +0 pair of boots
 s - the +3 pair of seven-league boots (worn) {Rampage+∞}
   (You found it on level 8 of the Dungeon)

   Its wearer moves as far as possible in that direction when moving towards
   enemies.
Jewellery
 l - a ring of protection from fire (left hand)
 o - an amulet of reflection (around neck)
Wands
 m - a wand of charming (8)
 p - a wand of paralysis (6)
 q - a wand of polymorph (5)
Scrolls
 e - 3 scrolls of amnesia
 f - 2 scrolls of teleportation
 g - a scroll of enchant armour
 h - 3 scrolls of silence
 r - a scroll of identify
Potions
 a - a potion of cancellation
 c - 3 potions of brilliance
 i - a potion of resistance
 k - 2 potions of attraction
 n - a potion of mutation


   Skills:
 + Level 6.5 Fighting
 + Level 5.6 Dodging
 + Level 6.6 Unarmed Combat
 + Level 5.9 Spellcasting
 + Level 6.2 Transmutations
 + Level 5.7 Poison Magic
 + Level 2.3 Evocations


You had 9 spell levels left.
You knew the following spells:

 Your Spells              Type           Power      Damage    Failure   Level
a - Beastly Appendage     Tmut           42%        N/A       1%          1
b - Wereblood             Tmut           21%        N/A       1%          2
c - Spider Form           Tmut/Pois      20%        N/A       4%          3
d - Alistair's Intoxicat  Tmut/Pois      13%        N/A       36%         5

Your spell library contained the following spells:

 Spells                   Type           Power      Damage    Failure   Level
 Apportation              Tloc           8%         N/A       16%         1
 Magic Dart               Conj           16%        1d3       16%         1
 Searing Ray              Conj           8%         2d4       24%         2
 Blade Hands              Tmut           10%        N/A       34%         5
 Ice Form                 Ice/Tmut       12%        N/A       41%         4
 Dazzling Flash           Conj/Hex       8%         N/A       43%         3
 Irradiate                Conj/Tmut      6%         3d15      77%         5
 Fulminant Prism          Conj/Hex       2%         3d6       85%         4
 Agony                    Necr           4%         N/A       99%         5
 Silence                  Hex/Air        2%         N/A       99%         5
 Dragon Form              Tmut           10%        N/A       100%        7


Dungeon Overview and Level Annotations

Branches:
Dungeon (9/15)             Temple (1/1) D:5
   Lair: D:8-11         Orc: D:9-12

Altars:
Ashenzari
Cheibriados
Elyvilon
Fedhas
Gozag
Hepliaklqana
Kikubaaqudgha
Makhleb
Nemelex Xobeh
Okawaru
Qazlal
Ru
Sif Muna
Vehumet
Xom
Yredelemnul
Zin
The Shining One
Lugonu

Shops:
D:6 [


Innate Abilities, Weirdness & Mutations

Your dull iron-grey scales are very hard. (AC +12)
You are amphibious.
You cannot fit into any form of body armour.
You are cold-blooded and may be slowed by cold attacks.
You have a pair of small horns on your head.
You are robust. (+10% HP)


Message History

You feel sick.
Your surroundings suddenly seem different.
An orc priest comes into view. It is wielding a +0 dagger of venom.
Found a book of Winter and 8 gold pieces.
You feel sick.
A wyvern comes into view.
The orc priest moves out of view.
You feel sick.
An orc comes into view. It is wielding a +0 dagger.
You feel sick.
A wyvern comes into view.
You feel sick.
The wyvern bites you but does no damage.
You feel sick.
You are no longer poisoned.
The wyvern bites you!
* * * LOW HITPOINT WARNING * * *
You block the wyvern's attack.
A kobold comes into view. It is wielding a +0 short sword.
The kobold shouts!
You hear a shout! x2; You hear an angry buzzing noise.
A kobold brigand comes into view.
It is wielding a +0 club and quivering poisoned darts.
You hear a shout! 2 kobolds come into view.
A kobold is wielding a +2 dagger of speed.
The kobold shouts!
The wyvern hisses menacingly.
You block the wyvern's attack.
A kobold comes into view. It is wielding a +0 whip.
You hear a shout!
As you read the scroll of teleportation, it crumbles to dust.
You feel strangely unstable.
The wyvern completely misses you. 2 kobolds come into view.
A kobold is wielding a +2 whip of venom.
The kobold shouts!
You hear an angry buzzing noise. x3
The wyvern barely misses you.
The kobold moves out of view.
A kobold and a killer bee come into view.
The kobold is wielding a +1 dagger of draining.
The kobold hits you but does no damage.
The kobold brigand hits you with a +0 club.
You die...

#######........
#........
######..#####.
.........#
.........# #
########.#####.#
#.......#
#..l....#
#.K@....#
#KK.....#
#.K.##..# .....#
..# y.....# .#
..KKK...#
........#
K.......#


You could see a wyvern, a kobold brigand, a killer bee and 7 kobolds.

Vanquished Creatures
  Pikel (D:4)
  Joseph (D:8)
  A wyvern (D:7)
  An acid dragon (D:9)
  A water moccasin (D:6)
  A black bear (D:6)
  3 necrophages
  3 ogres
  A centaur (D:7)
  2 phantoms (D:6)
  2 bullfrogs (D:8)
  2 kobold brigands
  A gnoll sergeant (D:7)
  2 scorpions
  A killer bee (D:9)
  5 wights (D:6)
  2 howler monkeys
  An electric eel (D:7)
  3 centaur zombies
  A jelly (D:6)
  2 bullfrog skeletons (D:5)
  2 centaur skeletons
  A gnoll shaman (D:8)
  7 orc priests
  A hound (D:7)
  Jessica (D:2)
  Terence (D:2)
  6 iguanas
  7 orc wizards
  A howler monkey zombie (D:7)
  8 gnolls
  11 adders
  5 river rats (D:6)
  2 shadow imps
  An adder skeleton (D:4)
  3 worms
  20 orcs
  3 endoplasms
  13 giant cockroaches
  6 goblins
  4 hobgoblins
  2 jackals (D:4)
  3 quokkas
  2 ball pythons (D:1)
  2 bats
  3 frilled lizards
  20 kobolds
  11 rats
183 creatures vanquished.

Vanquished Creatures (collateral kills)
  Harold (D:8)
  An orc warrior (D:8)
  An orc (D:8)
3 creatures vanquished.

Vanquished Creatures (others)
  A wyvern zombie (D:8)
  A demonic plant (Temple)
  5 fungi (D:9)
  16 plants (D:9)
23 creatures vanquished.

Grand Total: 209 creatures vanquished

Notes
Turn   | Place    | Note
-------+----------+-------------------------------------------
     0 | D:1      | Revguard the Draconian Transmuter began the quest for the
                  | Orb.
     0 | D:1      | Reached XP level 1. HP: 16/16 MP: 3/3
   479 | D:1      | Reached XP level 2. HP: 18/23 MP: 5/5
   922 | D:1      | Learned a level 2 spell: Wereblood
  1177 | D:1      | Gained mutation: You have a pair of small horns on your
                  | head. [potion of mutation]
  1177 | D:1      | Gained mutation: You are robust. (+10% HP) [potion of
                  | mutation]
  1256 | D:2      | Reached XP level 3. HP: 16/31 MP: 3/6
  1424 | D:2      | Noticed Jessica
  1443 | D:2      | Killed Jessica
  1493 | D:2      | Noticed Terence
  1498 | D:2      | Killed Terence
  1499 | D:2      | Reached XP level 4. HP: 37/39 MP: 4/7
  1582 | D:2      | Learned a level 3 spell: Spider Form
  1946 | D:3      | Found a faded altar of an unknown god.
  2346 | D:3      | Reached XP level 5. HP: 46/46 MP: 9/9
  2675 | D:3      | Found a glowing silver altar of Zin.
  2677 | D:3      | Found a white marble altar of Elyvilon.
  2679 | D:3      | Found a glowing golden altar of the Shining One.
  2874 | D:3      | Found an iron altar of Okawaru.
  2991 | D:4      | Noticed Pikel
  2991 | D:4      | Noticed a lemure
  2992 | D:4      | Noticed a lemure
  2992 | D:4      | Noticed a lemure
  2994 | D:4      | Noticed a lemure
  3009 | D:4      | Killed Pikel
  3010 | D:4      | Reached XP level 6. HP: 16/56 MP: 7/11
  3010 | D:4      | Your scales start taking on a dull iron-grey colour.
  3010 | D:4      | Reached XP level 7. HP: 17/62 MP: 7/12
  3018 | D:4      | Learned a level 5 spell: Alistair's Intoxication
  3589 | D:4      | Identified the +10 hand axe of Death's Door {venom, rC+}
  4004 | D:5      | Entered Level 5 of the Dungeon
  4253 | D:5      | Reached XP level 8. HP: 59/72 MP: 11/14
  4591 | D:5      | Reached skill level 5 in Unarmed Combat
  4812 | D:5      | Found a staircase to the Ecumenical Temple.
  4822 | Temple   | Entered the Ecumenical Temple
  5097 | D:6      | Found a broken altar of Ashenzari.
  5342 | D:6      | Found Xylisuc's Armour Boutique.
  5399 | D:6      | Reached skill level 5 in Fighting
  5730 | D:6      | Reached skill level 5 in Transmutations
  5971 | D:6      | Reached XP level 9. HP: 77/81 MP: 16/16
  6333 | D:6      | Reached skill level 5 in Spellcasting
  7009 | D:7      | Reached skill level 5 in Dodging
  7012 | D:7      | Reached skill level 5 in Poison Magic
  7877 | D:8      | Found the +3 pair of seven-league boots {Rampage+∞}
  7899 | D:8      | Reached skill level 1 in Evocations
  7958 | D:8      | Noticed Joseph
  7959 | D:8      | Noticed Harold
  7985 | D:8      | Killed Harold
  7990 | D:8      | Reached XP level 10. HP: 28/92 MP: 18/18
  7996 | D:8      | Killed Joseph
  8347 | D:8      | Found a basalt altar of Yredelemnul.
  8349 | D:8      | Found a shimmering altar of Xom.
  8349 | D:8      | Found a sparkling altar of Nemelex Xobeh.
  8770 | D:9      | Found a sacrificial altar of Ru.
  8886 | D:9      | HP: 1/92 [wyvern (10)]
  8892 | D:9      | Slain by a kobold brigand

Illustrated notes

Levels and vault maps discovered:
D:1:      zelgadis_glass_arrival_large, layout_loops_corners,
          minmay_tromino_v4_a
D:2:      minmay_roachtagon, layout_rooms, uniq_terence, uniq_jessica
D:3:      layout_loops_corners, good_gods_temple_1, marbit_many_paths,
          nicolae_ecumenical_pavilion, serial_park_tiny_1
D:4:      layout_loops_ring, uniq_pikel
D:5:      kb_forest_paths, layout_rooms, lemuel_temple_firewalk_a, serial_shops,
          shop, chequers_serial_rivers_small_a
D:6:      layout_basic, nicolae_ashenzari_skybound, serial_shops, shop,
          lightli_sewer_entry_pipes
D:7:      layout_rooms, hex_medium, nrook_pool_corridor
D:8:      layout_basic, chequers_temple_overflow_statue_of_worship, uniq_harold,
          uniq_joseph
D:9:      hangedman_cross_veins, layout_stronghold, nicolae_ru_path_of_blood,
          minmay_lair_entry_grove, kennysheep_orc_monster_closet_entryway,
          minivault_7
Temple:   kb_corrupted_temple

Skill      XL: |  1  2  3  4  5  6  7  8  9 10 |
---------------+-------------------------------+-----
Dodging        | 2 3 4 5 |  5.6
Fighting       | 2 3 4 5 6 |  6.5
Unarmed Combat | 4 5 6 |  6.6
Spellcasting   | 3 4 5 |  5.9
Transmutations | 3 4 5 6 |  6.2
Poison Magic   | 2 3 4 5 |  5.7
Evocations     | 1 2 |  2.3

Action                   |  1- 3 |  4- 6 |  7- 9 | 10-12 || total
-------------------------+-------+-------+-------+-------++-------
Melee: Unarmed           |   120 |    80 |   566 |    71 ||   837
       Tailslap          |    16 |    11 |   102 |    10 ||   139
       Headbutt          |     8 |    12 |   111 |    11 ||   142
       Kick              |     7 |     1 |    67 |     5 ||    80
       Punch             |       |     1 |    24 |     2 ||    27
 Cast: Beastly Appendage |     3 |       |    15 |     1 ||    19
       Wereblood         |     2 |       |    13 |     2 ||    17
       Spider Form       |       |     1 |       |     1 ||     2
       Alistair's Intoxi |       |       |     1 |       ||     1
Evoke: Wand              |       |       |     2 |       ||     2
  Use: Potion            |     4 |     1 |     6 |     1 ||    12
       Scroll            |     2 |     1 |    10 |     2 ||    15
 Stab: Sleeping          |       |       |     2 |       ||     2
       Confused          |       |       |     1 |       ||     1
Armor: Skin              |    58 |    32 |   215 |    48 ||   353
Dodge: Dodged            |    82 |    51 |   403 |    74 ||   610
Block: Other             |       |       |   156 |    27 ||   183
       Reflection        |       |       |     3 |     1 ||     4
